 Dungeon Crawl Stone Soup version 0.23.1 (webtiles) character file.

Game seed: 13602992066966541507

58 AxelLord the Slasher (level 3, -3/34 HPs)
             Began as a Minotaur Berserker on Mar 9, 2019.
             Was a Follower of Trog.
             Slain by a slave (6 damage)
             ... led by Pikel
             ... on level 5 of the Dungeon.
             The game lasted 00:05:49 (1049 turns).

AxelLord the Slasher (Minotaur Berserker)           Turns: 1049, Time: 00:05:50

Health: -3/34      AC:  5    Str: 22    XL:     3   Next: 75%
Magic:  2/2        EV: 11    Int:  4    God:    Trog [*.....]
Gold:   87         SH:  0    Dex:  9    Spells: 2/2 levels left

rFire    . . .     SeeInvis .   o - +0 flail
rCold    . . .     Gourm    .   (no shield)
rNeg     + . .     Faith    .   j - +0 ring mail
rPois    +         Spirit   .   (helmet restricted)
rElec    .         Reflect  .   (no cloak)
rCorr    .         Harm     .   (no gloves)
MR       .....                  (no boots)
Stlth    ..........             (no amulet)
HPRegen  0.11/turn              e - ring of positive energy
MPRegen  0.08/turn              k - ring of poison resistance

@: no status effects
A: retaliatory headbutt, horns 2
a: Berserk, Renounce Religion


You were on level 5 of the Dungeon.
You worshipped Trog.
Trog was aware of your devotion.
You were very full.

You visited 1 branch of the dungeon, and saw 5 of its levels.

You collected 87 gold pieces.

Inventory:

Hand Weapons
 a - a +0 falchion
 o - a +0 flail (weapon)
Armour
 j - a +0 ring mail (worn)
Jewellery
 e - a ring of positive energy (left hand)
 k - a ring of poison resistance (right hand)
 n - an uncursed amulet of regeneration {unknown}
Wands
 m - a wand of disintegration (8)
Scrolls
 b - a scroll of remove curse {unknown}
 d - a scroll of amnesia {unknown}
 g - 2 scrolls of immolation {unknown}
 i - 2 scrolls of identify {unknown}
 l - a scroll of noise {unknown}
Potions
 f - a potion of experience {unknown}
 h - a potion of degeneration {unknown}
 p - a potion of haste {unknown}
Comestibles
 c - a ration


   Skills:
 + Level 4.5 Fighting
 + Level 4.5 Long Blades
 + Level 2.8 Armour
 + Level 2.6 Dodging


You had 2 spell levels left.
You didn't know any spells.
Your spell library was empty.

Dungeon Overview and Level Annotations

Branches:
Dungeon (5/15)
 Temple: D:4-7

Altars:

Annotations:
D:5 Pikel


Innate Abilities, Weirdness & Mutations

You reflexively headbutt those who attack you in melee.
You have a pair of horns on your head.


Message History

You closely miss Pikel. You headbutt Pikel!
Pikel is lightly wounded.
The slave barely misses you.
Pikel zaps a wand.
You resist with significant effort. The slave hits you.
Pikel zaps a wand.
You resist with significant effort. The slave barely misses you.
You completely miss Pikel.
Pikel is lightly wounded.
The slave hits you. The slave hits you but does no damage.
Pikel says, "You'll fetch a fair price!"
Pikel zaps a wand.
You resist with significant effort.
You closely miss Pikel.
Pikel is lightly wounded.
The slave closely misses you. The slave hits you.
* * * LOW HITPOINT WARNING * * *
Pikel hits you with a +2 whip of flaming.
* * * LOW HITPOINT WARNING * * *
Pikel burns you.
* * * LOW HITPOINT WARNING * * *
The slave hits you.
You die...

#...#.......#...... #......
###.......##........##.......
#...##.........#..#.##.......
###............#..# #.......
#........#....#..###
###.#..###.........#
####...#...[......#
#....pKp#.......
##....@##....... ##....#
p...... #..### ....... ##.#
....... ### ....K..


You could see Pikel and 2 slaves.

Vanquished Creatures
  2 slaves (D:5)
  A worker ant (D:4)
  3 oozes
  2 worms (D:2)
  A leopard gecko (D:2)
  An orc (D:5)
  A bat (D:2)
  A giant cockroach (D:2)
  A goblin (D:1)
  A hobgoblin (D:1)
  A ball python (D:2)
  2 rats (D:2)
17 creatures vanquished.

Notes
Turn   | Place    | Note
-------+----------+-------------------------------------------
     0 | D:1      | AxelLord the Minotaur Berserker began the quest for the
                  | Orb.
     0 | D:1      | Reached XP level 1. HP: 19/19 MP: 0/0
   141 | D:2      | Reached XP level 2. HP: 20/27 MP: 1/1
   627 | D:3      | Reached XP level 3. HP: 29/33 MP: 2/2
   956 | D:5      | Entered Level 5 of the Dungeon
   999 | D:5      | Noticed a slave
  1000 | D:5      | Noticed a slave
  1001 | D:5      | Noticed Pikel
  1007 | D:5      | Killed a slave
  1013 | D:5      | Killed a slave
  1039 | D:5      | Noticed a slave
  1042 | D:5      | Noticed a slave
  1049 | D:5      | Slain by a slave

Skill      XL: |  1  2 |
---------------+-------+-----
Fighting       | 4 |  4.5
Long Blades    | 4 |  4.5
Armour         | |  2.8
Dodging        | |  2.6

Action                   || total
-------------------------++-------
Melee: Falchion          ||    38
       Headbutt          ||    15
       Flail             ||    15
  Eat: Ration            ||     3
Armor: Animal skin       ||     1
       Ring mail         ||    10
       Robe              ||     3
Dodge: Dodged            ||    23
       Rpst.: Falchion   ||     3
